 Dungeon Crawl Stone Soup version 0.28.0-53-g5a82cb258f (webtiles) character file.

Game seed: 5932273147486498404

3080 drbro the Cleaver (level 10, -1/115 HPs)
             Began as a Formicid Fighter on June 10, 2022.
             Was an Initiate of the Shining One.
             Succumbed to a killer bee's poison
             ... on level 8 of the Dungeon.
             The game lasted 00:15:19 (9056 turns).

drbro the Cleaver (Formicid Fighter)                Turns: 9056, Time: 00:15:20

Health: -1/115     AC: 25    Str: 28    XL:     10   Next: 12%
Magic:  11/11      EV:  2    Int:  7    God:    the Shining One [......]
Gold:   441        SH:  6    Dex: 16    Spells: 9/9 levels left

rFire   . . .      SeeInvis .   F - +0 battleaxe
rCold   + . .      Faith    .   p - +0 buckler of Starshine {rC+ Str+2}
rNeg    . . .      Spirit   .   (armour currently unavailable)
rPois   +          Reflect  .   (helmet unavailable)
rElec   .          Harm     .   (cloak currently unavailable)
rCorr   .          Rampage  .   (gloves currently unavailable)
Will    +....                   (boots currently unavailable)
Stlth   +.........              (no amulet)
HPRegen 0.29/turn               u - +6 ring of dexterity
MPRegen 0.12/turn               (no ring)

@: lethally poisoned (-1 -> -22), tree-form, glowing
A: stationary, stasis, torment immunity, boosted hp, permanent stasis, dig
shafts and tunnels, (antennae 3), four strong arms
a: Renounce Religion


You were on level 8 of the Dungeon.
You worshipped the Shining One.
The Shining One was noncommittal.
You were a tree.
You visited 2 branches of the dungeon, and saw 9 of its levels.

You collected 441 gold pieces.

Inventory:

Hand Weapons
 a - a +0 war axe
 D - a +0 hand crossbow
 F - a +0 battleaxe (weapon)
Armour
 i - a +0 pair of boots of stealth (melded)
 p - the +0 buckler of Starshine (worn) {rC+ Str+2}
   (You found it on level 3 of the Dungeon)

   Str:       It affects your strength (+2).
   rC:        It protects you from cold.
 B - a +0 chain mail (melded)
Jewellery
 u - a +6 ring of dexterity (left branch)
 w - a ring of fire
 E - a +6 ring of strength
Wands
 b - a wand of acid (6)
 q - a wand of polymorph (5)
 A - a wand of paralysis (3)
 C - a wand of iceblast (8)
Scrolls
 c - 3 scrolls of blinking {unknown}
 f - a scroll of magic mapping {unknown}
 g - a scroll of summoning {unknown}
 h - 4 scrolls of identify {unknown}
 k - 2 scrolls of amnesia {unknown}
 n - a scroll of fear {unknown}
 o - a scroll of noise {unknown}
 r - a scroll of silence {unknown}
 t - a scroll of enchant weapon {unknown}
 v - a scroll of torment {unknown}
 x - 2 scrolls of immolation {unknown}
 y - 3 scrolls of fog {unknown}
Potions
 d - 2 potions of might
 j - a potion of cancellation {unknown}
 l - a potion of lignification
 m - a potion of haste {unknown}
 s - a potion of brilliance {unknown}
 z - 2 potions of heal wounds {unknown}


   Skills:
 * Level 6.6 Fighting
 * Level 8.9 Axes
 * Level 0.8 Crossbows
 * Level 8.2 Armour
 * Level 6.4 Shields
 * Level 1.5 Invocations
 * Level 2.9 Evocations


You had 9 spell levels left.
You didn't know any spells.
Your spell library contained the following spells:

 Spells                   Type           Power      Damage    Failure   Level
 Magic Dart               Conj           0%         1d3       50%         1
 Call Imp                 Summ           0%         N/A       63%         2
 Mephitic Cloud           Conj/Pois/Air  0%         N/A       86%         3
 Olgreb's Toxic Radiance  Pois           0%         N/A       99%         4
 Fireball                 Conj/Fire      0%         3d3       100%        5
 Iskenderun's Battlesphe  Conj           0%         2d6       100%        5
 Conjure Ball Lightning   Conj/Air       0%         3x3d6     100%        6
 Orb of Destruction       Conj           0%         9d5       100%        7
 Ozocubu's Refrigeration  Ice            0%         4d5       100%        7
 Ignition                 Fire           0%         3d3       100%        8


Dungeon Overview and Level Annotations

Branches:
Dungeon (8/15)             Temple (1/1) D:6
   Lair: D:8-11

Altars:
Ashenzari
Cheibriados
Dithmenos
Elyvilon
Fedhas
Gozag
Hepliaklqana
Kikubaaqudgha
Makhleb
Nemelex Xobeh
Okawaru
Qazlal
Ru
Uskayaw
Vehumet
Wu Jian
Xom
Zin
The Shining One

Shops:
D:3 !   D:4 ((=[   D:6 ?

Annotations:
D:7 Dowan, Duvessa


Innate Abilities, Weirdness & Mutations

You are a tree.
Your roots penetrate the ground, keeping you stationary.
You cannot be teleported.
You are immune to unholy pain and torment.
Your maximum health is greatly increased.
Your equipment is partially melded.
You cannot be hasted, slowed, berserked, paralysed or teleported.
You can dig through walls and to a lower floor.
((You have a pair of large antennae on your head. (SInv)))
Your four strong arms can wield two-handed weapons with a shield.


Message History

The killer bee is heavily wounded.
You closely miss the killer bee. x2; The killer bee barely misses you.
The killer bee stings you but does no damage.
The killer bee stings you!
* * * LOW HITPOINT WARNING * * *
You are poisoned.
The killer bee poisons you!
The killer bee stings you but does no damage.
The killer bee stings you.
* * * LOW HITPOINT WARNING * * *
The killer bee stings you.
* * * LOW HITPOINT WARNING * * *
The killer bee barely misses you. x2
You feel better. The killer bee barely misses you.
You block the killer bee's attack. The killer bee stings you.
* * * LOW HITPOINT WARNING * * *
You are poisoned.
The killer bee poisons you! The killer bee stings you.
* * * LOW HITPOINT WARNING * * *
You are more poisoned.
The killer bee poisons you!
The killer bee stings you but does no damage.
You block the killer bee's attack.
* * * LOW HITPOINT WARNING * * *
You feel very sick.
The killer bee stings you but does no damage.
You block the killer bee's attack. The killer bee stings you.
* * * LOW HITPOINT WARNING * * *
You are more poisoned.
The killer bee poisons you! The killer bee barely misses you.
The killer bee stings you.
* * * LOW HITPOINT WARNING * * *
You are more poisoned.
The killer bee poisons you!
Unknown command.
It was a potion of lignification.
You turn into a tree.
Your +0 pair of boots of stealth melds into your body.
Your +0 chain mail melds into your body.
You feel less stealthy.
Your roots penetrate the ground.
You die...

### ### #.. ..# #.# #.# #.#
#.# #.# #.# #.# #.# #.#
#.####
#####.###########y#.<########
................♣y†......[...
.####.####.......y#..###.####
.# #.# #.########..# .# #.#
#.# ...... .# #.# #.#
##..#### .. ... .<. .... ..
..# #.# ##... ##. .#. ..#
.... .. .. ...


You could see 3 killer bees.

Vanquished Creatures
  Sigmund (D:2)
  A steam dragon (D:7)
  2 necrophages
  2 ice beasts
  3 black bears
  5 ogres
  A centaur (D:8)
  A phantom (D:6)
  3 kobold brigands
  3 bullfrogs
  A gnoll sergeant (D:7)
  3 scorpions
  A wyvern skeleton (D:7)
  3 killer bees (D:8)
  2 wights
  An electric eel (D:8)
  A bullfrog zombie (D:6)
  A centaur zombie (D:8)
  5 hounds
  A jelly (D:6)
  2 bullfrog skeletons
  Jessica (D:2)
  An iguana (D:5)
  Ijyb (D:2)
  A howler monkey zombie (D:7)
  10 gnolls
  8 adders
  A howler monkey skeleton (D:4)
  2 white imps
  3 worms
  2 dart slugs
  The ghost of DildoBatman the Conjurer, a weakling FoCj (D:4)
  2 orcs
  3 endoplasms
  4 giant cockroaches
  6 hobgoblins
  3 jackals (D:1)
  7 quokkas
  2 ball pythons
  4 bats (D:3)
  4 frilled lizards
  12 goblins
  17 kobolds
  5 rats
143 creatures vanquished.

Vanquished Creatures (others)
  3 plants (D:4)
3 creatures vanquished.

Grand Total: 146 creatures vanquished

Notes
Turn   | Place    | Note
-------+----------+-------------------------------------------
     0 | D:1      | drbro the Formicid Fighter began the quest for the Orb.
     0 | D:1      | Reached XP level 1. HP: 18/18 MP: 1/1
   130 | D:1      | Found a faded altar of an unknown god.
   156 | D:1      | Reached XP level 2. HP: 22/24 MP: 2/2
   417 | D:1      | Reached XP level 3. HP: 29/29 MP: 3/3
   948 | D:2      | Identified the +0 robe of Verdant Salvation {rCorr Dex+3
                  | Stlth+}
  1013 | D:2      | Noticed Jessica
  1028 | D:2      | Killed Jessica
  1029 | D:2      | Reached XP level 4. HP: 24/37 MP: 4/4
  1246 | D:2      | Noticed Sigmund
  1539 | D:2      | Noticed Ijyb
  1541 | D:2      | Killed Sigmund
  1542 | D:2      | Reached XP level 5. HP: 5/42 MP: 5/5
  1542 | D:2      | Reached XP level 6. HP: 6/48 MP: 6/6
  1544 | D:2      | You fall into a shaft and drop 2 floors!
  1544 | D:4      | Found Qocy Gum's Antique Armour Shoppe.
  1842 | D:4      | Found Tucygija's Jewellery Shoppe.
  1888 | D:4      | Noticed an ogre
  1899 | D:4      | Found Naqem's Antique Weapon Shoppe.
  1929 | D:5      | Entered Level 5 of the Dungeon
  2073 | D:5      | Noticed an ice beast
  2087 | D:5      | Killed an ice beast
  2088 | D:5      | Reached skill level 5 in Axes
  2088 | D:5      | Reached skill level 5 in Armour
  2088 | D:5      | Reached XP level 7. HP: 19/55 MP: 7/7
  2667 | D:4      | Found Ynteyddach's Antique Weapon Emporium.
  2706 | D:4      | Found Wenumnoe's Book Shoppe.
  3163 | D:3      | Found Fearr's Distillery.
  3212 | D:3      | Identified the +0 buckler of Starshine {rC+ Str+2}
  3374 | D:3      | Found a sparkling altar of Nemelex Xobeh.
  3379 | D:3      | Found a hazy altar of Hepliaklqana.
  3693 | D:2      | Killed Ijyb
  3741 | D:2      | Identified the +2 spear of Bosch {freeze, rElec Dex+4}
  4053 | D:4      | Found a large runed translucent door.
  4054 | D:4      | Found a large runed translucent door.
  4057 | D:4      | Noticed DildoBatman's ghost (weakling FoCj)
  4079 | D:4      | Reached skill level 5 in Shields
  4079 | D:4      | Reached XP level 8. HP: 33/61 MP: 8/8
  4086 | D:4      | You fall into a shaft and drop 1 floor!
  4297 | D:4      | Reached skill level 5 in Fighting
  4297 | D:4      | HP: 2/62 [kobold/+0 short sword of electrocution (19)]
  5281 | D:4      | Killed DildoBatman's ghost
  6333 | D:6      | Reached skill level 1 in Evocations
  6333 | D:6      | Reached XP level 9. HP: 64/69 MP: 9/9
  6359 | D:6      | Found Cystrerghu's Magic Scroll Shop.
  6439 | D:6      | Found a staircase to the Ecumenical Temple.
  7401 | Temple   | Entered the Ecumenical Temple
  7569 | Temple   | Became a worshipper of the Shining One
  8505 | D:7      | Noticed Dowan
  8505 | D:7      | Noticed Duvessa
  8657 | D:8      | Reached skill level 1 in Invocations
  8719 | D:8      | Reached XP level 10. HP: 47/77 MP: 10/10
  9055 | D:8      | HP: 3/77 [killer bee (5)]
  9056 | D:8      | Succumbed to a killer bee's poison

Illustrated notes

Levels and vault maps discovered:
D:1:      scummos_arrival_star, layout_basic, dreamdust_ecumenical_altar_grove
D:2:      kennysheep_the_goblin_king, layout_basic, uniq_sigmund, uniq_jessica
D:3:      layout_rooms, nicolae_overflow_hidden_temple, serial_shops,
          nicolae_shop_behind_doors
D:4:      layout_loops_cross, ebering_ghost_disaster_area, serial_shops,
          nicolae_shop_overgrown_old_shop, shop, shop_fountains,
          nicolae_stop_n_shop_1, nicolae_shop_stone, minmay_joined_circles
D:5:      layout_basic
D:6:      layout_gridville, minmay_temple_entry_junction, serial_shops,
          shop_statue
D:7:      layout_loops_cross, nrook_uturn, uniq_duvessa
D:8:      layout_basic
Temple:   bh_familiar_temple

Skill      XL: |  1  2  3  4  5  6  7  8  9 |
---------------+----------------------------+-----
Shields        | 4 5 6 |  6.4
Axes           | 3 4 5 7 8 |  8.9
Fighting       | 4 5 6 |  6.6
Armour         | 4 5 6 8 |  8.2
Evocations     | 1 2 |  2.9
Invocations    | 1 |  1.5
Crossbows      | |  0.8

Action                   |  1- 3 |  4- 6 |  7- 9 | 10-12 || total
-------------------------+-------+-------+-------+-------++-------
Melee: War axe           |    84 |    59 |   357 |    10 ||   510
       Battleaxe         |       |       |       |    12 ||    12
 Abil: Shaft Self        |       |     1 |       |       ||     1
Evoke: Wand              |       |       |     2 |       ||     2
  Use: Potion            |       |       |     1 |     4 ||     5
Armor: Scale mail        |    39 |    29 |    72 |       ||   140
       Chain mail        |       |       |   106 |    25 ||   131
Dodge: Dodged            |    34 |    26 |   171 |    28 ||   259
Block: Buckler           |    20 |    16 |   111 |    23 ||   170
